 Dungeon Crawl Stone Soup version 0.30-a0-883-g5ad918d77d (webtiles) character file.

Game seed: 2711721047696351576

300 Pimp the Sneak (level 6, 0/44 HPs)
             Began as a Formicid Wanderer on Mar 16, 2023.
             Succumbed to a gnoll's poison
             ... on level 3 of the Dungeon.
             The game lasted 00:04:47 (2237 turns).

Pimp the Sneak (Formicid Wanderer)                  Turns: 2237, Time: 00:04:47

Health: 0/44       AC:  4    Str: 16    XL:     6   Next: 64%
Magic:  9/9        EV: 12    Int: 13    God:
Gold:   144        SH:  0    Dex: 20    Spells: 9/9 levels left

rFire   . . .      SeeInvis +    h - +1 short sword (drain)
rCold   . . .      Faith    .    (no shield)
rNeg    . . .      Spirit   .    d - +0 leather armour
rPois   .          Reflect  .    (helmet unavailable)
rElec   .          Rampage  .    (no cloak)
rCorr   .                        b - +0 pair of gloves
Will    .....                    (no boots)
Stlth   +++                      (no amulet)
HPRegen 0.27/turn                f - +6 ring of dexterity
MPRegen 0.11/turn                (no ring)

@: lethally poisoned (0 -> -6), invisible
A: permanent stasis, dig shafts and tunnels, antennae 3, four strong arms
a: Dig, Shaft Self


You were on level 3 of the Dungeon.
You visited 1 branch of the dungeon, and saw 3 of its levels.

You collected 144 gold pieces.

Inventory:

Hand Weapons
 a - a +2 sling
 h - a +1 short sword of draining (weapon)
Missiles
 j - 2 throwing nets
Armour
 b - a +0 pair of gloves (worn)
 d - a +0 leather armour (worn)
Jewellery
 f - a +6 ring of dexterity (left hand)
Wands
 g - a wand of flame (8)
Potions
 k - a potion of flight


   Skills:
 + Level 2.2 Fighting
 - Level 0.6(1.2) Short Blades
 * Level 1.6(1.7) Long Blades
 - Level 3.2 Ranged Weapons
 + Level 2.4 Armour
 * Level 1.9 Dodging
 + Level 3.7 Stealth
 + Level 2.2 Spellcasting
 + Level 2.2 Necromancy
 + Level 2.2 Evocations


You had 9 spell levels left.
You didn't know any spells.
Your spell library contained the following spells:

 Spells                   Type           Power      Damage    Failure   Level
 Sublimation of Blood     Necr           7%         N/A       19%         2
 Shock                    Conj/Air       4%         1d3       30%         1
 Cigotuvi's Dreadful Rot  Necr/Pois/Air  6%         N/A       32%         2
 Airstrike                Air            0%         2d(1-17)  96%         4
 Blade Hands              Tmut           0%         N/A       100%        5
 Irradiate                Conj/Tmut      0%         3d11      100%        5
 Dragon Form              Tmut           0%         N/A       100%        7
 Swiftness                Air            Unusable   N/A       N/A         3

Dungeon Overview and Level Annotations

Branches:
Dungeon (3/15)

Altars:


Innate Abilities, Weirdness & Mutations

You cannot be hasted, slowed, berserked, paralysed or teleported.
You can dig through walls and to a lower floor.
You have a pair of large antennae on your head. (SInv)
Your four strong arms can wield two-handed weapons with a shield.


Message History

You see here a +0 halberd.
You hit the gnoll.
The gnoll is lightly wounded.
You feel very sick. The gnoll closely misses you.
You hit the gnoll. You drain the gnoll.
The gnoll is severely wounded.
* * * LOW HITPOINT WARNING * * *
You feel very sick. The goblin misses you.
The gnoll hits you with a +0 spear of venom.
* * * LOW HITPOINT WARNING * * *
You are more poisoned.
You feel better. The goblin hits you but does no damage.
The gnoll hits you with a +0 spear of venom.
* * * LOW HITPOINT WARNING * * *
The gnoll attacks as you move away!
The gnoll hits you with a +0 spear of venom.
* * * LOW HITPOINT WARNING * * *
You are lethally poisoned!
The goblin attacks as you move away! The goblin hits you with a +0 dagger.
* * * LOW HITPOINT WARNING * * *
x2 You feel very sick.
The gnoll hits you from afar with a +0 spear of venom.
* * * LOW HITPOINT WARNING * * *
You feel better. The goblin barely misses you.
The gnoll hits you but does no damage.
You are lethally poisoned!
You fade into invisibility!
* * * LOW HITPOINT WARNING * * *
You feel very sick. The goblin hits you but does no damage.
The gnoll hits you from afar with a +0 spear of venom.
* * * LOW HITPOINT WARNING * * *
You barely miss the goblin.
* * * LOW HITPOINT WARNING * * *
You feel sick.
You hit the gnoll but do no damage. You punch the gnoll.
The gnoll is almost dead.
You die...

..# #.# .... #.# #....
#.# #.#.# #.# #.#.#
######.###.#.#
###........#.#.# .#
.....###@#{#.#.# #.#
.......<.g...#.# #.#.#
...)..#.)#.#...# #.#.#
..... ####.#...# #.#.#
#
###.#......#.#.###.#.#
# # #....#.#.#.....#.#
# ......#.....#...#.#
# ##... #.....#.....#
#### #.#.#.##.#..#


You could see a gnoll (unable to see you, very drained).

Vanquished Creatures
  Sigmund (D:2)
  Jessica (D:2)
  3 adders (D:2)
  3 gnolls
  A worm (D:2)
  3 dart slugs (D:1)
  2 ball pythons (D:2)
  5 bats
  8 endoplasms
  A giant cockroach (D:1)
  6 goblins
  5 hobgoblins
  A quokka (D:2)
  2 frilled lizards
  5 kobolds
  9 rats
56 creatures vanquished.

Notes
Turn   | Place    | Note
-------+----------+-------------------------------------------
     0 | D:1      | Pimp the Formicid Wanderer began the quest for the Orb.
     0 | D:1      | Pimp set off with the following items: a +2 sling, a +0
                  | pair of gloves, a potion of invisibility, a +0 leather
                  | armour; and the following spells available to memorise:
                  | Sublimation of Blood, Cigotuvi's Dreadful Rot.
     0 | D:1      | Reached XP level 1. HP: 15/15 MP: 2/2
   101 | D:1      | Reached XP level 2. HP: 19/21 MP: 3/3
   143 | D:1      | Found a faded altar of an unknown god.
   176 | D:1      | Reached XP level 3. HP: 9/26 MP: 4/4
   944 | D:2      | Noticed Jessica
   947 | D:2      | Killed Jessica
   948 | D:2      | Reached XP level 4. HP: 33/33 MP: 6/6
  1212 | D:2      | Reached skill level 1 in Dodging
  1334 | D:2      | Reached XP level 5. HP: 38/38 MP: 7/7
  1491 | D:2      | Noticed Sigmund
  1498 | D:2      | Killed Sigmund
  1499 | D:2      | Reached skill level 1 in Long Blades
  1499 | D:2      | Reached XP level 6. HP: 44/44 MP: 7/9
  1666 | D:2      | Found the +6 lightning scales {swift, rElec}
  2233 | D:3      | HP: 1/44 [gnoll/+0 spear of venom (2)]
  2237 | D:3      | Succumbed to a gnoll's poison

Illustrated notes

Levels and vault maps discovered:
D:1:      minmay_arrival_radiant_lines, layout_basic,
          chequers_ecumenical_altar_simple_redux, minmay_pentomino_r4
D:2:      layout_basic, uniq_sigmund, uniq_jessica
D:3:      layout_basic, zin_angel, columned_hall_lemuel

Skill      XL: |  1  2  3  4  5 |
---------------+----------------+-----
Stealth        | 3 |  3.7
Dodging        | 1 |  1.9
Armour         | 2 |  2.4
Fighting       | 2 |  2.2
Long Blades    | 1 |  1.6
Spellcasting   | 2 |  2.2
Necromancy     | 2 |  2.2
Evocations     | 2 |  2.2
Short Blades   | |  0.6
Ranged Weapons | |  3.2

Action                     |  1- 3 |  4- 6 || total
---------------------------+-------+-------++-------
  Melee: Short sword       |    44 |    67 ||   111
         Punch             |       |     1 ||     1
   Fire: Sling             |    18 |       ||    18
Ability: Dig               |     2 |       ||     2
    Use: Scroll            |     1 |     3 ||     4
         Potion            |       |     3 ||     3
   Stab: Sleeping          |     2 |     9 ||    11
 Armour: Leather armour    |    24 |    21 ||    45
  Dodge: Dodged            |    39 |    33 ||    72

Table legend: (Time is in decaauts)
 A = Elapsed time spent in this place.
 B = Non-inter-level travel time spent in this place.
 C = Inter-level travel time spent in this place.
 D = Time resting spent in this place.
 E = Time spent auto-exploring this place.
 F = Levels seen in this place.
 G = Mean time per level.
                   A        B        C        D        E       F      G
               +--------+--------+--------+--------+--------+-----+--------+
         Total |   2239 |   2159 |     80 |    264 |   1398 |   3 |  746.3 |
       Dungeon |   2239 |   2159 |     80 |    264 |   1398 |   3 |  746.3 |
               +--------+--------+--------+--------+--------+-----+--------+

Top non-repeatable levels by time:
     D:2: 1176 daAuts
     D:1: 913 daAuts
     D:3: 149 daAuts
